 Dungeon Crawl Stone Soup version 0.31-a0-466-g98c9adc2b6 (webtiles) character file.

Game seed: 6872933078634515817

592198 LustLizard the Petrodigitator (level 27, 0/165 HPs)
             Began as a Gargoyle Fighter on Aug 5, 2023.
             Was the Champion of the Shining One.
             Slain by an Orb Guardian (44 damage)
             ... on level 5 of the Realm of Zot on Aug 6, 2023.
             The game lasted 03:06:32 (67054 turns).

LustLizard the Petrodigitator (Gargoyle Fighter)   Turns: 67054, Time: 03:06:33

Health: 0/165      AC: 50    Str: 26 (27) XL:     27
Magic:  19/19      EV: 26    Int: 20 (22) God:    the Shining One [******]
Gold:   5839       SH: 18    Dex: 12      Spells: 28/53 levels left

rFire   + + .        a - +8 morningstar of the Shifting King {antimagic, rElec rC+ SInv}
rCold   + + .        b - +5 kite shield {reflect}
rNeg    + + +        h - +5 chain mail of Nogon {rF+ rC+ Slay+6}
rPois   ∞            V - +3 hat of Pondering {ponderous, Will+ MP+10 Int+5}
rElec   +            t - scarf {repulsion}
rCorr   +            S - +1 pair of gloves {Dex+3}
SInv    +            x - +1 pair of boots {Stlth+}
Will    +++++        c - amulet of the Four Winds {rN+ Will+++ Clar} Stlth
                     y - ring of Esacot {rF+ rCorr MP+9 EV+5 Str+3 Dex-2}
HPRegen 0.00/turn    R - ring of the Hare {EV+10}
MPRegen 0.16/turn

%: repel missiles, reflection, clarity
@: about to teleport, flying, inhibited regen, glowing, studying 2 skills, slow
A: sickness immunity, AC +20, big wings, negative energy resistance 1,
electricity resistance, torment resistance 1, petrification resistance,
deterioration 1, frail 1, inhibited regeneration
}: 3/15 runes: decaying, serpentine, silver
a: Renounce Religion, Divine Shield, Cleansing Flame, Summon Divine Warrior,
Brand Weapon With Holy Wrath


You were on level 5 of the Realm of Zot.
You worshipped the Shining One.
The Shining One was exalted by your worship.
You visited 11 branches of the dungeon, and saw 51 of its levels.
You visited 1 bazaar.
You also visited: Bailey and Wizlab.

You collected 9042 gold pieces.
You spent 3203 gold pieces at shops.

Inventory:

Hand Weapons
 a - the +8 morningstar of the Shifting King (weapon) {antimagic, rElec rC+ SInv}
   (You found it on level 8 of the Dungeon)

   rC:        It protects you from cold.
   rElec:     It insulates you from electricity.
   SInv:      It lets you see invisible.
Missiles
 C - 5 atropa-tipped darts
 W - 11 throwing nets
Armour
 b - a +5 kite shield of reflection (worn)
 h - the +5 chain mail of Nogon (worn) {rF+ rC+ Slay+6}
   (You found it on level 12 of the Dungeon)

   Slay:      It affects your accuracy & damage with ranged weapons and melee
   (+6).
   rF:        It protects you from fire.
   rC:        It protects you from cold.
 t - a scarf of repulsion (worn)
 x - a +1 pair of boots of stealth (worn)
 S - a +1 pair of gloves of dexterity (worn)
 V - the +3 hat of Pondering (worn) {ponderous, Will+ MP+10 Int+5}
   (You took it off Gastronok on level 1 of the Lair of Beasts)

   Int:       It affects your intelligence (+5).
   MP:        It affects your magic capacity (+10).
   Will:      It increases your willpower.
Jewellery
 c - the amulet of the Four Winds (around neck) {rN+ Will+++ Clar}
   (You took it off a vault guard on level 5 of the Vaults)

   [amulet of nothing]

   rN:        It protects you from negative energy.
   Clar:      It protects you from confusion, rage, mesmerisation and fear.
   Will:      It greatly increases your willpower.
 o - the amulet "Akhlubat" {Reflect rElec Will++ SH+5}
   (You bought it in a shop in a bazaar)

   [amulet of reflection]

   It reflects blocked missile attacks.
   rElec:     It insulates you from electricity.
   SH:        It affects your SH (+5).
   Will:      It greatly increases your willpower.
 u - the ring "Huunwin" {rF+ rC+ Dex+2 Stlth+}
   (You took it off a deep elf death mage on level 3 of the Elven Halls)

   [ring of protection from fire]

   Dex:       It affects your dexterity (+2).
   rF:        It protects you from fire.
   rC:        It protects you from cold.
   Stlth:     It makes you more stealthy.
 y - the ring of Esacot (left hand) {rF+ rCorr MP+9 EV+5 Str+3 Dex-2}
   (You bought it in a shop in a bazaar)

   [ring of evasion]

   EV:        It affects your evasion (+5).
   Str:       It affects your strength (+3).
   Dex:       It affects your dexterity (-2).
   rF:        It protects you from fire.
   MP:        It affects your magic capacity (+9).
   rCorr:     It protects you from acid and corrosion.
 K - a ring of wizardry
 M - a ring of willpower
 R - the ring of the Hare (right hand) {EV+10}
   (You took it off a deep elf knight on level 3 of the Elven Halls)

   [ring of evasion]

   EV:        It affects your evasion (+10).
Wands
 f - a wand of charming (40)
 B - a wand of roots (35)
 F - a wand of flame (63)
 H - a wand of mindburst (36)
 O - a wand of digging (9)
 X - a wand of light (22) (quivered)
Scrolls
 d - a scroll of acquirement
 e - 10 scrolls of amnesia
 i - 10 scrolls of fear
 m - 4 scrolls of silence
 q - 2 scrolls of summoning
 v - 27 scrolls of teleportation
 w - 9 scrolls of enchant weapon
 z - 3 scrolls of blinking
 E - 8 scrolls of fog
 J - 11 scrolls of poison
 L - 6 scrolls of brand weapon
 P - 3 scrolls of immolation
 T - 6 scrolls of revelation
Potions
 g - 5 potions of cancellation
 j - 22 potions of curing
 l - 10 potions of heal wounds
 r - 10 potions of might
 s - 8 potions of magic
 A - 6 potions of enlightenment
 D - 4 potions of resistance
 G - 10 potions of mutation
 I - 2 potions of berserk rage
 Q - 8 potions of haste
 U - 8 potions of brilliance
 Y - 8 potions of ambrosia
Miscellaneous
 k - a lightning rod (4/4)
 n - a sack of spiders
 p - a phantom mirror (inert)
 N - a condenser vane (inert)
 Z - a phial of floods


   Skills:
 + Level 22.1 Fighting
 + Level 18.4 Maces & Flails
 * Level 21.0 Armour
 + Level 5.3 Dodging
 + Level 16.3 Shields
 + Level 13.9 Spellcasting
 - Level 14.2 Conjurations
 - Level 4.0 Translocations
 O Level 27 Earth Magic
 + Level 15.7 Invocations
 - Level 6.0 Evocations


You had 28 spell levels left.
You knew the following spells:

 Your Spells              Type           Power      Damage    Failure   Level
a - Stone Arrow           Conj/Erth      100%       3d13      0%          3
b - Leda's Unmaking       Conj/Erth      38%        9d7       1%          6
c - Lee's Rapid Deconstr  Erth           44%        3d21*     0%          5
d - Shatter               Erth           44%        3d34*     26%         9
e - Blink                 Tloc           58%        N/A       4%          2

Your spell library contained the following spells:

 Spells                   Type           Power      Damage    Failure   Level
 Foxfire                  Conj/Fire      100%       2x1d9     1%          1
 Kiss of Death            Conj/Necr      100%       2d13      1%          1
 Passwall                 Tmut/Erth      50%        N/A       1%          2
 Static Discharge         Conj/Air       84%        2-6/arc   1%          2
 Animate Armour           Summ/Erth      100%       N/A       1%          4
 Leda's Liquefaction      Hex/Erth       30%        N/A       1%          4
 Petrify                  Tmut/Erth      61%        N/A       1%          4
 Iskenderun's Battlesphe  Conj           63%        2d11      1%          5
 Dazzling Flash           Conj/Hex       84%        N/A       2%          3
 Hailstorm                Conj/Ice       42%        3d10      2%          3
 Iskenderun's Mystic Bla  Conj/Tloc      50%        2d11      3%          4
 Lesser Beckoning         Tloc           58%        N/A       4%          2
 Mephitic Cloud           Conj/Pois/Air  32%        N/A       7%          3
 Flame Wave               Conj/Fire      42%        2d11      9%          4
 Gell's Gravitas          Tloc           29%        N/A       10%         3
 Teleport Other           Tloc           29%        N/A       10%         3
 Freeze                   Ice            52%        1d6       17%         1
 Slow                     Hex            52%        N/A       17%         1
 Sting                    Tmut/Pois      52%        1d5       17%         1
 Portal Projectile        Hex/Tloc       42%        N/A       22%         3
 Lehudib's Crystal Spear  Conj/Erth      38%        10d10     22%         8
 Fireball                 Conj/Fire      21%        3d10      24%         5
 Irradiate                Conj/Tmut      21%        3d18      24%         5
 Ensorcelled Hibernation  Hex/Ice        26%        N/A       26%         2
 Poisonous Vapours        Pois/Air       26%        N/A       26%         2
 Scorch                   Fire           26%        2d6       26%         2
 Wereblood                Tmut           13%        N/A       26%         2
 Passage of Golubria      Tloc           29%        N/A       32%         4
 Orb of Destruction       Conj           31%        9d10      38%         7
 Call Canine Familiar     Summ           13%        N/A       45%         3
 Confusing Touch          Hex            13%        N/A       45%         3
 Frozen Ramparts          Ice            26%        1d4       45%         3
 Ozocubu's Armour         Ice            13%        N/A       45%         3
 Summon Guardian Golem    Hex/Summ       13%        N/A       45%         3
 Swiftness                Air            13%        N/A       45%         3
 Vampiric Draining        Necr           13%        2d6       45%         3
 Freezing Cloud           Conj/Ice/Air   16%        6-21      54%         5
 Starburst                Conj/Fire      21%        6d7       80%         6
 Airstrike                Air            6%         2d(1-17)  86%         4
 Anguish                  Hex/Necr       6%         N/A       86%         4
 Cause Fear               Hex            6%         N/A       86%         4
 Dispel Undead            Necr           13%        3d9       86%         4
 Summon Ice Beast         Ice/Summ       13%        N/A       86%         4
 Summon Lightning Spire   Summ/Air       13%        N/A       86%         4
 Summon Forest            Summ/Tloc      10%        N/A       90%         5
 Agony                    Necr           13%        N/A       99%         5
 Alistair's Intoxication  Tmut/Pois      8%         N/A       99%         5
 Metabolic Englaciation   Hex/Ice        6%         N/A       99%         5
 Silence                  Hex/Air        6%         N/A       99%         5
 Summon Mana Viper        Hex/Summ       13%        N/A       99%         5
 Dispersal                Tloc           14%        N/A       99%         6
 Eringya's Noxious Bog    Tmut/Pois      6%         4d6       100%        6
 Plasma Beam              Fire/Air       6%         2x1d17    100%        6
 Simulacrum               Ice/Necr       6%         N/A       100%        6
 Summon Cactus Giant      Summ           6%         N/A       100%        6
 Enfeeble                 Hex            6%         N/A       100%        7
 Malign Gateway           Summ/Tloc      10%        N/A       100%        7
 Ozocubu's Refrigeration  Ice            6%         4d8       100%        7
 Spellforged Servitor     Conj/Summ      21%        N/A       100%        7
 Summon Hydra             Summ           6%         N/A       100%        7
 Chain Lightning          Conj/Air       21%        3d28      100%        9
 Dragon's Call            Summ           6%         N/A       100%        9
 Fire Storm               Conj/Fire      21%        8d5       100%        9
 Cigotuvi's Dreadful Rot  Necr/Pois/Air  Unusable   N/A       N/A         2
 Sublimation of Blood     Necr           Unusable   N/A       N/A         2

Dungeon Overview and Level Annotations

Branches:
Dungeon (15/15)            Temple (1/1) D:5            Lair (5/5) D:11
  Swamp (4/4) Lair:2        Snake (4/4) Lair:2        Slime (0/5) Lair:4
    Orc (2/2) D:12            Elf (3/3) Orc:2        Vaults (5/5) D:14
  Crypt (3/3) Vaults:3       Tomb (0/3) Crypt:3      Depths (4/4) D:15
    Zot (5/5) Depths:4     Bailey (visited)          WizLab (visited)

Altars:
Ashenzari
Cheibriados
Dithmenos
Elyvilon
Fedhas
Gozag
Hepliaklqana
Kikubaaqudgha
Makhleb
Nemelex Xobeh
Okawaru
Qazlal
Ru
Sif Muna
Trog
Uskayaw
Vehumet
Wu Jian
Xom
Yredelemnul
Zin
The Shining One
Jiyva

Shops:
D:11 =[   D:13 [   D:14 *   D:15 *   Orc:1 *   Orc:2 :[[(*   Vaults:4 =
Depths:2 =:=   Depths:4 :

Portals:
Hell: Depths:1 Depths:2 Depths:3 Depths:4
Abyss: Depths:3
Pandemonium: Depths:2
Ziggurat: Depths:3
Trove: Depths:4 (give horn of Geryon)

Annotations:
Depths:4 1 runed translucent door, Gucom's ghost, veteran GnFi
Zot:4 1 transporter
Zot:5 1 transporter


Innate Abilities, Weirdness & Mutations

You are immune to sickness and miasma.
Your stone body is resilient. (AC +20)
You are immune to poison.
Your large and strong wings let you fly.
You resist negative energy. (rN+)
You are resistant to electric shocks. (rElec)
You are resistant to unholy torment.
You are immune to petrification.
Your body sometimes deteriorates upon taking damage.
You are frail. (-10% HP)
You do not regenerate when monsters are visible.


Message History

The Orb Guardian is heavily wounded.
The Orb Guardian hits you!!
Your body deteriorates!
You feel dopey.
You are too injured to fight recklessly!
You are too injured to fight recklessly!
You closely miss the Orb Guardian.
The Orb Guardian is heavily wounded.
You block the Orb Guardian's attack.
The moth of wrath goads the Orb Guardian on!
The Orb Guardian goes berserk!
The Orb Guardian hits you!!
Your body deteriorates!
You feel dopey.
You closely miss the Orb Guardian.
The Orb Guardian is heavily wounded.
The Orb Guardian hits you!!
* * * LOW HITPOINT WARNING * * *
You block the Orb Guardian's attack.
Unknown command.
You feel much better. The Orb Guardian closely misses you.
The Orb Guardian hits you!
* * * LOW HITPOINT WARNING * * *
The Orb Guardian attacks as you move away!
The Orb Guardian hits you but does no damage.
You block the Orb Guardian's attack.
Blink to where?
Press: ? - help, Dir - move target
As you read the scroll of blinking, it crumbles to dust.
As you read the scroll of teleportation, it crumbles to dust.
You feel strangely unstable.
You feel the Orb delaying your translocation!
Okay, then.
Blink to where?
Press: ? - help, Dir - move target
As you read the scroll of blinking, it crumbles to dust.
There is an open door here.
You reach down and close the door.
An Orb Guardian breaks down the door.
You block the Orb Guardian's attack. You block the Orb Guardian's attack.
The Orb Guardian hits you but does no damage.
The Orb Guardian hits you!!!
You die...

††.......#...........############
........©#©..........#
.........#...........#
........8#8..........#
...#############.....# ####
#+##### #####.#### #........#
#.###@#### #.# #X# #.# #.# #.#
#X# ## #.###'#######
.###########.#.....X...#
.##..........#.~~~≈~~~.##########
.##.#.########.~♣♣♣♣♣~.#^........
.##..........'.~♣ ♣~.#.########


You could see 2 Orb Guardians.

Vanquished Creatures
  3 dread liches
  5 ancient liches
  2 orbs of fire
  Sojobo (Crypt:2)
  Margery (Depths:3)
  Vv (Depths:3)
  Frederick (Crypt:2)
  Xtahua (Vaults:4)
  2 curse toes
  Saint Roka (Vaults:1)
  13 golden dragons
  3 bone dragons
  Jory (Vaults:2)
  A doom hound (Crypt:1)
  Nikola (Swamp:1)
  The ghost of Weuw the Warrior, an adept GrFi of Cheibriados (Crypt:3)
  The ghost of Emoisch the Slayer, an adept MiFi of Okawaru (Zot:1)
  Jorgrun (D:13)
  27 tentacled monstrosities
  An Orb Guardian (Zot:5)
  Mlioglotl (Lair:2)
  7 quicksilver dragons
  A walking earthen tome (Depths:3)
  A shard shrike skeleton (Crypt:2)
  2 deep elf blademasters (Elf:3)
  6 liches
  3 deep elf master archers
  4 titans
  11 ancient champions
  7 death cobs
  Frances (Swamp:2)
  5 sphinxes
  2 thorn hunters (Swamp:3)
  Gastronok (Lair:1)
  9 shadow dragons
  Aizul (Snake:4)
  2 revenants
  5 tengu reavers
  12 storm dragons
  4 nagarajas
  Agnes (Elf:2)
  4 fire giants
  7 draconian knights
  A fenstrider witch (Swamp:3)
  9 deep elf sorcerers
  8 frost giants
  7 draconian monks
  Donald (Vaults:2)
  3 caustic shrike zombies
  5 deep elf elementalists (Elf:3)
  3 iron dragons
  A balrug (Depths:3)
  7 draconian scorchers
  14 vault wardens
  A juggernaut zombie (Crypt:2)
  2 ghost moths (Zot:2)
  3 orc warlords
  A formless jellyfish (Vaults:2)
  10 draconian shifters
  2 curse skulls
  7 ghouls
  20 stone giants
  2 very ugly things (Vaults:5)
  6 draconian annihilators
  3 draconian stormcallers
  17 ironbound preservers
  A war gargoyle (Vaults:4)
  A spriggan defender (Depths:3)
  6 vampire knights
  A reaper (Crypt:2)
  8 green draconians
  10 white draconians
  4 eleionomae
  19 dire elephants
  6 black draconians
  12 ironbound thunderhulks
  8 yellow draconians
  9 red draconians
  8 purple draconians
  7 deep elf annihilators
  12 deep elf demonologists
  15 deep elf death magi
  6 bunyips
  4 eidola
  18 jiangshi
  A blizzard demon (Depths:2)
  8 ettins
  3 entropy weavers
  7 great orbs of eyes
  2 merfolk javelineers
  Josephine (D:13)
  The ghost of niangp the Severer, a journeyman MiBe of Trog (D:12)
  2 shambling mangroves (Swamp:3)
  2 quicksilver dragon zombies
  15 yaktaur captains
  8 fire dragons
  4 deep elf high priests
  24 hydras
  A hell beast (Depths:3)
  12 ice dragons
  5 rakshasas
  A salamander tyrant (Snake:4)
  5 spriggan air magi
  27 vault guards
  3 ogre magi
  A bennu zombie (Crypt:3)
  A peacekeeper (Vaults:4)
  3 ghost crabs
  11 ironbound frosthearts
  7 anacondas
  A merfolk avatar (Lair:5)
  Erica (Orc:1)
  10 alligators
  10 centaur warriors
  9 boulder beetles
  4 deep troll shamans
  4 death yaks (Lair:5)
  8 naga warriors
  9 two-headed ogres
  7 death knights
  3 tengu warriors
  A bennu skeleton (Crypt:1)
  3 catoblepae
  29 dancing weapons
  7 naga sharpshooters
  12 vampire magi
  5 deep troll earth magi
  9 orc high priests
  The ghost of Gelion the Mimic, a novice OpSh of Gozag (D:10)
  2 hell knights (Depths:3)
  2 spriggan berserkers
  10 shock serpents
  Nergalle (Orc:1)
  Sonja (Orc:2)
  22 deep elf knights
  6 iron trolls
  A titan skeleton (Depths:2)
  A shadow wraith (Crypt:3)
  2 goliath frogs
  2 skysharks
  A ghost moth zombie (Crypt:2)
  A golden dragon zombie (Depths:3)
  4 salamander mystics
  35 skeletal warriors
  3 glowing orange brains
  4 sea snakes (Snake:2)
  5 spriggan druids
  15 swamp dragons
  A bunyip skeleton (Crypt:2)
  16 bog bodies
  7 naga ritualists
  42 deep trolls
  A golden dragon skeleton (Crypt:3)
  9 slime creatures
  17 wizards
  6 lindwurms
  14 orc knights
  A sphinx zombie (Depths:2)
  5 flayed ghosts
  33 deep elf zephyrmancers
  2 shadow dragon zombies
  16 deep elf archers
  A harpy (Lair:5)
  17 phantasmal warriors
  Pikel (D:7)
  28 deep elf pyromancers
  2 anaconda skeletons (Crypt:2)
  19 ironbound convokers
  5 mana vipers
  11 necromancers
  23 ugly things
  10 salamanders
  2 wolf spiders (Lair:3)
  8 cyclopes
  2 manticores
  5 orc sorcerers
  2 will-o-the-wisps (Swamp:3)
  2 stone giant zombies (Crypt:2)
  13 vault sentinels
  A fire giant skeleton (Crypt:1)
  11 elephants
  21 moths of wrath
  4 guardian serpents
  29 black mambas
  18 naga magi
  9 cane toads
  An orc zombie (Crypt:1)
  2 ice statues (Depths:2)
  A torpor snail (Lair:4)
  2 gargoyles
  11 rime drakes
  8 kobold demonologists
  An unseen horror (D:11)
  25 yaktaurs
  An alligator snapping turtle skeleton (Crypt:2)
  12 freezing wraiths
  2 red draconian zombies (Crypt:3)
  A swamp worm zombie (Crypt:1)
  A rime drake (shapeshifter) (Elf:2)
  10 komodo dragons
  A purple draconian zombie (Crypt:1)
  3 spectral deep trolls (Crypt:1)
  2 tengu conjurers (D:15)
  3 meliai (D:14)
  A golden dragon simulacrum (Depths:3)
  2 efreet
  A queen bee (shapeshifter) (Depths:2)
  12 trolls
  A guardian mummy (Crypt:3)
  A tyrant leech (shapeshifter) (Vaults:1)
  15 blink frogs
  12 hornets
  The ghost of lessens the Chopper, an amateur DsFi (D:5)
  7 tyrant leeches
  2 polar bears
  Prince Ribbit (D:7)
  Grinder (D:4)
  8 dream sheep
  2 snapping turtles (Lair:5)
  3 wind drakes (Lair:5)
  A tarantella (shapeshifter) (D:15)
  A raiju (shapeshifter) (Depths:3)
  A fire dragon zombie (Crypt:1)
  A hydra skeleton (Crypt:1)
  An alligator skeleton (Crypt:3)
  2 flying skulls (Crypt:3)
  4 air elementals
  11 wraiths
  A shadow (D:12)
  41 yaks
  10 water elementals
  19 spriggans
  6 vampires
  3 wyverns
  20 humans (D:14)
  A fire elemental (Elf:2)
  A steam dragon (Lair:5)
  8 basilisks
  A redback (shapeshifter) (Vaults:5)
  9 vampire mosquitoes
  A chaos spawn (Depths:2)
  2 redbacks
  42 nagas
  16 wargs
  15 swamp worms
  2 acid dragons
  A deep troll zombie (Crypt:1)
  2 hell hounds (D:9)
  3 two-headed ogre zombies
  A human skeleton (Depths:2)
  A merfolk skeleton (Crypt:3)
  57 orc warriors
  14 water moccasins
  3 sky beasts
  A floating eye (shapeshifter) (Depths:3)
  8 swamp drakes
  4 black bears
  A blink frog zombie (Crypt:2)
  A deep troll skeleton (Crypt:3)
  9 ogres
  A torpor snail zombie (Crypt:2)
  17 wolves
  6 centaurs
  A phantom (D:6)
  A rime drake zombie (Crypt:1)
  2 lemures (D:7)
  9 kobold brigands
  Blork the orc (D:5)
  26 bullfrogs
  A necrophage (Crypt:1)
  10 gnoll sergeants
  4 earth elementals
  3 scorpions
  22 wights
  8 troll zombies (WizLab)
  5 killer bees (D:9)
  4 electric eels
  2 howler monkeys
  3 lava snakes (Lair:2)
  3 jellies
  30 orc priests
  A bullfrog skeleton (Crypt:1)
  5 hounds
  8 gnoll boudas
  An iguana (D:5)
  29 orc wizards
  4 hell rats (Lair:2)
  An acid dragon zombie (Crypt:3)
  6 ogre zombies (WizLab)
  2 tengu zombies
  A tengu skeleton (Crypt:2)
  12 mummies (Crypt:3)
  21 gnolls
  9 adders
  2 shadow imps
  2 white imps
  A jelly zombie (Crypt:2)
  A worm (D:3)
  2 dart slugs
  96 orcs
  3 ball pythons
  12 endoplasms
  4 giant cockroaches
  8 goblins
  6 hobgoblins
  23 kobolds
  6 quokkas
  8 bats
  An endoplasm zombie (Crypt:3)
  6 frilled lizards
  A jackal skeleton (Crypt:1)
  7 rats
2204 creatures vanquished.

Vanquished Creatures (collateral kills)
  the Lernaean hydra (Swamp:4)
  2 doom hounds (Crypt:1)
  A tentacled monstrosity (Zot:3)
  Grunn (Crypt:1)
  A quicksilver dragon (Zot:4)
  A storm dragon (Zot:4)
  A draconian knight (Zot:3)
  A draconian shifter (Zot:1)
  A draconian scorcher (Zot:4)
  2 ghouls (Crypt:2)
  A vampire knight (Crypt:2)
  A white draconian (Zot:3)
  A purple draconian (Zot:1)
  2 red draconians (Zot:1)
  An eidolon (Crypt:1)
  2 black draconians
  A jiangshi (Crypt:1)
  3 vampire magi
  A deep troll shaman (Crypt:1)
  A bunyip zombie (Crypt:3)
  4 skeletal warriors
  2 phantasmal warriors
  A bunyip skeleton (Crypt:3)
  An alligator skeleton (Crypt:1)
  A draconian zombie (Crypt:2)
35 creatures vanquished.

Vanquished Creatures (others)
  A thorn hunter (Swamp:3)
  A stone giant (Vaults:5)
  An eleionoma (Swamp:3)
  A green draconian (Zot:4)
  A rakshasa (Depths:1)
  A catoblepas (D:12)
  2 alligators (Swamp:3)
  A dancing weapon (Elf:1)
  A spriggan (Swamp:1)
  A goliath frog (Swamp:2)
  A bog body (Crypt:1)
  A deep elf zephyrmancer (Elf:1)
  An ironbound convoker (Vaults:2)
  A will-o-the-wisp (Swamp:3)
  A deep elf pyromancer (Elf:2)
  A tyrant leech (Swamp:1)
  3 hornets
  4 bloated husks
  A swamp drake (Swamp:1)
  A kobold brigand (D:13)
  2 orc priests (Elf:1)
  An orc wizard (D:8)
  2 orcs (Elf:1)
  A kobold (D:13)
  17 foxfires (Swamp:3)
49 creatures vanquished.

Grand Total: 2288 creatures vanquished

Notes
Turn   | Place    | Note
-------+----------+-------------------------------------------
     0 | D:1      | LustLizard the Gargoyle Fighter began the quest for the
                  | Orb.
     0 | D:1      | Reached XP level 1. HP: 14/14 MP: 1/1
   104 | D:1      | Reached XP level 2. HP: 19/19 MP: 2/2
   899 | D:2      | Reached XP level 3. HP: 23/23 MP: 3/3
  1277 | D:2      | Reached XP level 4. HP: 27/29 MP: 4/4
  2460 | D:4      | Reached XP level 5. HP: 29/33 MP: 5/5
  2510 | D:4      | Found a sacrificial altar of Ru.
  2903 | D:4      | Noticed Grinder
  2919 | D:4      | Killed Grinder
  2920 | D:4      | Reached XP level 6. HP: 19/40 MP: 6/6
  3243 | D:4      | Reached skill level 5 in Maces & Flails
  3304 | D:5      | Entered Level 5 of the Dungeon
  3415 | D:5      | Found a staircase to the Ecumenical Temple.
  3418 | D:5      | Found a runed translucent door.
  3418 | D:5      | Noticed lessens's ghost (amateur DsFi)
  3456 | Temple   | Entered the Ecumenical Temple
  3516 | D:5      | Reached skill level 5 in Fighting
  3516 | D:5      | Reached skill level 5 in Shields
  3524 | D:5      | Reached XP level 7. HP: 19/44 MP: 7/7
  3827 | D:5      | Noticed Blork the orc
  3843 | D:5      | Killed Blork the orc
  4353 | D:5      | Reached XP level 8. HP: 51/51 MP: 8/8
  4459 | D:5      | Found a sparkling altar of Nemelex Xobeh.
  5579 | D:7      | Noticed Prince Ribbit
  5587 | D:7      | Noticed Pikel
  5591 | D:7      | Killed Prince Ribbit
  5592 | D:7      | Reached XP level 9. HP: 16/57 MP: 9/9
  5653 | D:7      | Killed Pikel
  5702 | D:7      | Found a flagged portal.
  5721 | Bailey   | Entered a bailey
  5820 | Bailey   | Reached skill level 10 in Maces & Flails
  5861 | Bailey   | Noticed a vault guard
  6054 | Bailey   | Noticed a vault guard
  6197 | D:7      | Found Boiluomn's Jewellery Shoppe.
  6247 | D:7      | Reached XP level 10. HP: 65/65 MP: 10/10
  6347 | D:7      | Found a glowing golden altar of the Shining One.
  6349 | D:7      | Found a hide-covered altar of Uskayaw.
  6356 | D:7      | Became a worshipper of the Shining One
  6597 | D:7      | Reached skill level 5 in Armour
  6635 | D:7      | Found a stormy altar of Qazlal.
  7312 | D:8      | Reached skill level 1 in Evocations
  7472 | D:8      | Identified the +8 morningstar of the Shifting King
                  | {antimagic, rElec rC+ SInv}
  7482 | D:8      | Reached skill level 1 in Invocations
  7659 | D:8      | Reached * piety under the Shining One
  7810 | D:8      | Found a glowing silver altar of Zin.
  7917 | D:8      | Found an opulent altar of Gozag.
  8090 | D:9      | Reached ** piety under the Shining One
  8207 | D:9      | Noticed a two-headed ogre
  8216 | D:9      | Killed a two-headed ogre
  8402 | D:9      | Reached XP level 11. HP: 71/71 MP: 4/13
  8535 | D:9      | Reached *** piety under the Shining One
  8708 | D:9      | Noticed a two-headed ogre
  8748 | D:9      | Killed a two-headed ogre
  8795 | D:9      | Noticed a cyclops
  8823 | D:9      | Killed a cyclops
  8824 | D:9      | Reached skill level 10 in Fighting
  8840 | D:9      | Noticed an orc knight
  8873 | D:9      | Killed an orc knight
  8925 | D:9      | Reached skill level 5 in Evocations
  9010 | D:9      | Noticed a rakshasa
  9039 | D:9      | Killed a rakshasa
  9063 | D:9      | Noticed a two-headed ogre
  9071 | D:9      | Killed a two-headed ogre
  9255 | D:9      | Reached **** piety under the Shining One
  9373 | D:10     | Entered Level 10 of the Dungeon
  9470 | D:10     | Noticed a centaur warrior
  9478 | D:10     | Killed a centaur warrior
  9479 | D:10     | Reached XP level 12. HP: 63/78 MP: 5/15
  9516 | D:10     | Found a broken altar of Ashenzari.
  9780 | D:10     | Reached skill level 5 in Invocations
  9921 | D:10     | Found a shimmering blue altar of Sif Muna.
  9998 | D:10     | Found a runed translucent gate.
  9998 | D:10     | Found a runed translucent gate.
  9998 | D:10     | Found a runed translucent gate.
  9999 | D:10     | Noticed Gelion's ghost (novice OpSh)
  9999 | D:10     | Noticed a great orb of eyes
 10067 | D:10     | Found a viscous altar of Jiyva.
 10113 | D:11     | Reached ***** piety under the Shining One
 10113 | D:11     | Found a staircase to the Lair.
 10389 | D:11     | Found Rats's Jewellery Shoppe.
 10756 | D:11     | Found Zior's Armour Shop.
 10974 | Lair:1   | Entered Level 1 of the Lair of Beasts
 11007 | Lair:1   | Noticed a boulder beetle
 11056 | D:11     | Killed a boulder beetle
 11118 | Lair:1   | Noticed Gastronok
 11148 | Lair:1   | Killed Gastronok
 11194 | Lair:1   | Reached XP level 13. HP: 79/84 MP: 5/17
 12116 | Lair:2   | Found a staircase to the Swamp.
 12641 | Lair:2   | Found a staircase to the Snake Pit.
 13301 | Lair:3   | Identified the +2 robe of Lethargy {Will+ Str+3 Stlth+}
 14196 | Lair:4   | Reached skill level 15 in Maces & Flails
 14291 | Lair:4   | Reached skill level 10 in Armour
 14291 | Lair:4   | Gained mutation: Your large and strong wings let you fly.
                  | [Gargoyle growth]
 14291 | Lair:4   | Reached XP level 14. HP: 83/92 MP: 6/20
 14374 | Lair:4   | Identified the +0 scale mail "Citottin" {rF+ rC+ Will-}
 14484 | Lair:4   | Found a viscous altar of Jiyva.
 14484 | Lair:4   | Found a staircase to the Slime Pits.
 15053 | Lair:5   | Entered Level 5 of the Lair of Beasts
 15426 | Lair:5   | Reached ****** piety under the Shining One
 15799 | Lair:5   | Reached skill level 10 in Shields
 16072 | Lair:5   | Identified the +10 falchion "Jitu Qiu" {heavy, rN+++ rCorr
                  | Str-3 SInv}
 16887 | D:12     | Found a staircase to the Orcish Mines.
 16919 | D:12     | Found a transporter.
 16921 | D:12     | Noticed niangp's ghost (journeyman MiBe)
 16957 | D:12     | Found a transporter.
 17083 | D:12     | Reached XP level 15. HP: 99/99 MP: 7/22
 17400 | D:12     | Found an ancient bone altar of Kikubaaqudgha.
 17694 | Orc:1    | Entered Level 1 of the Orcish Mines
 17705 | Orc:1    | Noticed Erica
 17723 | Orc:1    | Killed Erica
 17781 | Orc:1    | Noticed Nergalle
 17810 | Orc:1    | Killed Nergalle
 18314 | Orc:1    | Found Aalatarche's Alliterative Armaments.
 18438 | Orc:2    | Entered Level 2 of the Orcish Mines
 18438 | Orc:2    | Noticed an orc warlord
 18488 | Orc:2    | Found Cuvur's Antique Weapon Emporium.
 18704 | Orc:1    | Reached skill level 10 in Invocations
 18891 | Orc:1    | Killed an orc warlord
 18998 | Orc:2    | Found Plog's General Store.
 19014 | Orc:2    | Noticed an orc warlord
 19045 | Orc:2    | Killed an orc warlord
 19193 | Orc:2    | Found Reof's Antique Armour Emporium.
 19222 | Orc:2    | Found Visk's Armour Boutique.
 19439 | Orc:2    | Noticed Sonja
 19444 | Orc:2    | Killed Sonja
 19559 | Orc:2    | Found Yqof Oho's Book Shoppe.
 19566 | Orc:2    | Found a staircase to the Elven Halls.
 19567 | Orc:2    | Bought a book of Armaments for 612 gold pieces
 19735 | Orc:2    | Bought a scroll of identify for 30 gold pieces
 19735 | Orc:2    | Bought a potion of heal wounds for 75 gold pieces
 19735 | Orc:2    | Bought a scroll of fear for 60 gold pieces
 19788 | Orc:2    | Bought a +0 pair of boots of stealth for 172 gold pieces
 19893 | D:13     | Found Abbimmut's Antique Armour Emporium.
 19899 | D:13     | Bought a glowing scarf for 208 gold pieces
 20025 | D:13     | Noticed Josephine
 20049 | D:13     | Killed Josephine
 20400 | D:13     | Noticed Jorgrun
 20417 | D:13     | Killed Jorgrun
 20995 | D:14     | Reached XP level 16. HP: 54/106 MP: 8/24
 21263 | D:14     | Found Ystrec's Neck Hole.
 21347 | D:14     | You are sucked into a shaft and drop 1 floor!
 21347 | D:15     | Entered Level 15 of the Dungeon
 21502 | D:15     | Learned a level 3 spell: Stone Arrow
 21507 | D:15     | Found Keockupt's Pet Rocks.
 21568 | D:15     | Reached skill level 1 in Earth Magic
 21617 | D:15     | Reached skill level 2 in Earth Magic
 21689 | D:15     | Reached skill level 1 in Spellcasting
 21896 | D:15     | Reached skill level 3 in Earth Magic
 21918 | D:15     | Found a staircase to the Depths.
 22455 | D:5      | Killed lessens's ghost
 22639 | D:10     | Killed Gelion's ghost
 22874 | D:12     | Killed niangp's ghost
 22883 | D:12     | Reached skill level 4 in Earth Magic
 22956 | D:12     | Identified the amulet of Xaok Goi {Acrobat rF+ SInv}
 22960 | D:12     | Identified the +5 chain mail of Nogon {rF+ rC+ Slay+6}
 23087 | Swamp:1  | Entered Level 1 of the Swamp
 23087 | Swamp:1  | Noticed Mlioglotl
 23108 | Lair:2   | Noticed a tentacled starspawn
 23108 | Lair:2   | Killed Mlioglotl
 23304 | Swamp:1  | Found a sacrificial altar of Ru.
 23325 | Swamp:1  | Noticed Nikola
 23333 | Swamp:1  | Killed Nikola
 23334 | Swamp:1  | Reached skill level 5 in Earth Magic
 24091 | Swamp:2  | Reached skill level 6 in Earth Magic
 24180 | Swamp:2  | Noticed Frances
 24205 | Swamp:2  | Killed Frances
 24738 | Swamp:3  | Noticed a thorn hunter
 24757 | Swamp:3  | Killed a thorn hunter
 24758 | Swamp:3  | Reached skill level 7 in Earth Magic
 24758 | Swamp:3  | Reached XP level 17. HP: 63/112 MP: 8/25
 25370 | Swamp:3  | Reached skill level 8 in Earth Magic
 25381 | Swamp:3  | Reached skill level 15 in Fighting
 25728 | Swamp:4  | Entered Level 4 of the Swamp
 26310 | Swamp:3  | Reached skill level 9 in Earth Magic
 26372 | Swamp:3  | Paralysed by a fenstrider witch for 2 turns
 26602 | Swamp:4  | Reached skill level 5 in Spellcasting
 27014 | Swamp:4  | Learned a level 6 spell: Leda's Unmaking
 27030 | Swamp:4  | Noticed the 27-headed Lernaean hydra
 27035 | Swamp:4  | Reached skill level 10 in Earth Magic
 27042 | Swamp:4  | Killed the 27-headed Lernaean hydra
 27052 | Swamp:4  | Reached skill level 1 in Conjurations
 27076 | Swamp:4  | Got a decaying rune of Zot
 27105 | Swamp:4  | Found the +8 demon trident "Rift" {distort, reach+}
 27317 | Snake:1  | Entered Level 1 of the Snake Pit
 27368 | Snake:1  | Reached XP level 18. HP: 119/119 MP: 9/27
 27836 | Snake:1  | Identified the +7 halberd of True Grit {heavy, rPois rN+
                  | MP+9 Int+3}
 27966 | Snake:1  | You are sucked into a shaft and drop 1 floor!
 28279 | Snake:2  | Identified the +2 flail "Noffoil" {flame, rElec rC+ rN+
                  | Will+}
 28387 | Snake:2  | Reached skill level 11 in Earth Magic
 28963 | Snake:1  | Identified the +0 scale mail of Makhleb's Inspiration {+Inv
                  | Int+5}
 29758 | Snake:3  | Reached skill level 5 in Conjurations
 30834 | Snake:4  | Entered Level 4 of the Snake Pit
 31039 | Snake:4  | Reached skill level 12 in Earth Magic
 31122 | Snake:4  | Noticed Aizul
 31132 | Snake:4  | Killed Aizul
 31259 | Snake:4  | Noticed a quicksilver dragon
 31261 | Snake:4  | Noticed a quicksilver dragon
 31350 | Snake:4  | Killed a quicksilver dragon
 31361 | Snake:4  | Killed a quicksilver dragon
 31425 | Snake:4  | Reached XP level 19. HP: 125/125 MP: 9/29
 31535 | Snake:4  | Got a serpentine rune of Zot
 32011 | Elf:1    | Entered Level 1 of the Elven Halls
 32033 | Elf:1    | Found a radiant altar of Vehumet.
 32110 | Elf:1    | Paralysed by an air elemental for 1 turns
 32149 | Elf:1    | Reached skill level 13 in Earth Magic
 32222 | Elf:1    | Found a flickering gateway to a bazaar.
 32234 | Bazaar   | Entered a bazaar
 32263 | Bazaar   | Found Yryugryl's Jewellery Emporium.
 32263 | Bazaar   | Found Dal Dehuy's Armour Shoppe.
 32285 | Bazaar   | Found Vypnol's Magic Scroll Shoppe.
 32301 | Bazaar   | Found Guwnir's Antique Armour Emporium.
 32301 | Bazaar   | Found Vuhidaoz's Jewellery Shoppe.
 32323 | Bazaar   | Found Dius's Armour Emporium.
 32323 | Bazaar   | Found Xesuded's Armour Shoppe.
 32382 | Bazaar   | Bought the ring of Esacot {rF+ rCorr MP+9 EV+5 Str+3 Dex-2}
                  | for 1149 gold pieces
 32382 | Bazaar   | Bought the amulet "Akhlubat" {Reflect rElec Will++ SH+5}
                  | for 870 gold pieces
 32411 | Bazaar   | Bought a scroll of teleportation for 27 gold pieces
 32516 | Elf:1    | Identified a scroll of acquirement
 32657 | Elf:1    | Reached skill level 15 in Armour
 33583 | Elf:1    | Found a runed translucent gate.
 33583 | Elf:1    | Found a runed translucent gate.
 33583 | Elf:1    | Found a runed translucent gate.
 33583 | Elf:1    | Found a runed translucent gate.
 33583 | Elf:1    | Found a runed translucent gate.
 33584 | Elf:1    | Found a runed translucent gate.
 33807 | Elf:2    | Reached skill level 14 in Earth Magic
 34522 | Elf:2    | Found a huge runed translucent gate.
 34522 | Elf:2    | Found a huge runed translucent gate.
 34533 | Elf:2    | Found a huge runed translucent gate.
 34547 | Elf:2    | Found a huge runed translucent gate.
 34547 | Elf:2    | Found a huge runed translucent gate.
 34892 | Elf:2    | Reached XP level 20. HP: 133/133 MP: 13/31
 34927 | Elf:2    | Reached skill level 10 in Conjurations
 35288 | Elf:2    | Noticed Agnes
 35303 | Elf:2    | Killed Agnes
 35920 | D:14     | Found a gate to the Vaults.
 35966 | D:14     | Identified the +2 long sword "Nerr" {venom, Str+2 Int+3}
 36162 | Vaults:1 | Entered Level 1 of the Vaults
 36183 | Vaults:1 | Noticed Saint Roka
 36224 | Vaults:1 | HP: 3/134 [Saint Roka/divine providence (13)]
 36234 | Vaults:1 | Killed Saint Roka
 36510 | Vaults:1 | You are sucked into a shaft and drop 1 floor!
 36533 | Vaults:2 | Reached skill level 15 in Earth Magic
 37064 | Vaults:2 | Noticed Donald
 37069 | Vaults:2 | Killed Donald
 37718 | Vaults:2 | Noticed Jory
 37728 | Vaults:2 | Killed Jory
 39262 | Vaults:1 | Reached XP level 21. HP: 134/140 MP: 14/33
 39284 | Vaults:1 | Reached skill level 16 in Earth Magic
 39538 | Vaults:1 | HP: 7/140 [vault warden/+1 long sword of flaming (34)]
 41234 | Vaults:3 | Found a staircase to the Crypt.
 41234 | Vaults:3 | Found a basalt altar of Yredelemnul.
 41234 | Vaults:3 | Found an ancient bone altar of Kikubaaqudgha.
 42602 | Vaults:4 | Reached skill level 17 in Earth Magic
 42893 | Vaults:4 | Found Utufehy's Jewellery Shop.
 42968 | Vaults:4 | Reached XP level 22. HP: 123/147 MP: 14/35
 43925 | Elf:3    | Entered Level 3 of the Elven Halls
 44525 | Elf:3    | Identified the ring "Huunwin" {rF+ rC+ Dex+2 Stlth+}
 44842 | Elf:3    | Identified the +1 acid dragon scales of the Equator {-Cast
                  | Contam rElec rN+++ rCorr}
 44892 | Elf:3    | Reached skill level 10 in Spellcasting
 44927 | Elf:3    | Identified the +4 short sword of Karma {freeze, rCorr
                  | Int+3}
 44952 | Elf:3    | Identified the +0 leather armour of Calculation {Str+2
                  | Slay+3}
 45198 | Elf:3    | Got the Disquisition on the Brume and Excavation
 45228 | Elf:3    | Got the Annotations on Mercurial Feathers
 45315 | Elf:3    | Got the Treatise on Scintillating Anathema
 45606 | Depths:1 | Entered Level 1 of the Depths
 46048 | Depths:1 | Found a stormy altar of Qazlal.
 46102 | Depths:1 | Reached skill level 18 in Earth Magic
 46166 | Depths:1 | Learned a level 5 spell: Lee's Rapid Deconstruction
 46176 | Depths:1 | Learned a level 9 spell: Shatter
 46219 | Depths:1 | Found a gateway to Hell.
 46547 | Depths:1 | Identified the +2 long sword of Faismoij {pain, Fragile
                  | rElec rCorr SInv}
 46856 | Depths:2 | Reached skill level 15 in Shields
 47525 | Depths:2 | Reached XP level 23. HP: 153/153 MP: 15/37
 47923 | Depths:2 | Found Qyawn's Jewellery Shoppe.
 47923 | Depths:2 | Found Vaimiz's Book Shop.
 47924 | Depths:2 | Found Corasuot's Jewellery Shoppe.
 48085 | Depths:2 | Found a one-way gate leading to the halls of Pandemonium.
 48454 | Depths:2 | Noticed an ancient lich
 48469 | Depths:2 | Reached skill level 19 in Earth Magic
 48471 | Depths:2 | Killed an ancient lich
 48487 | Depths:2 | Identified the +0 war axe of Dim Light {flame, rN+ Will+}
 48913 | Depths:3 | Found a one-way gateway to a ziggurat.
 49306 | Depths:3 | Noticed a golden dragon
 49319 | Depths:3 | Killed a golden dragon
 49345 | Depths:3 | Noticed Vv
 49377 | Depths:3 | Killed Vv
 49640 | Depths:3 | Found a one-way gate to the infinite horrors of the Abyss.
 50774 | Depths:3 | Noticed Margery
 50795 | Depths:3 | Killed Margery
 50838 | Depths:3 | Got Sif Muna's Atlas of the Geodesic and the Cumulonimbus
 50882 | Depths:3 | Identified the ring "Ysybrat" {Ice Will+}
 50888 | Depths:3 | Reached skill level 20 in Earth Magic
 50985 | Depths:4 | Entered Level 4 of the Depths
 50991 | Depths:4 | Found a portal to a secret trove of treasure.
 51475 | Depths:4 | Found a runed translucent door.
 51476 | Depths:4 | Noticed Gucom's ghost (veteran GnFi)
 51538 | Depths:4 | Found Imojad's Book Emporium.
 51821 | Depths:4 | Noticed a golden dragon
 51835 | Depths:4 | Killed a golden dragon
 52236 | Depths:4 | Found a gate to the Realm of Zot.
 52937 | Vaults:5 | Entered Level 5 of the Vaults
 52938 | Vaults:5 | Noticed a dread lich
 52949 | Vaults:5 | Reached XP level 24. HP: 115/161 MP: 19/38
 52960 | Vaults:4 | Killed a dread lich
 52980 | Vaults:5 | Reached skill level 21 in Earth Magic
 53006 | Vaults:5 | Noticed Xtahua
 53150 | Vaults:4 | Killed Xtahua
 53318 | Vaults:5 | Identified the amulet of Daokhosi {-Tele Will++ Regen+
                  | Slay+5}
 53703 | Vaults:5 | Identified the ring "Jekh" {rPois rC+ MP+9 Str+6}
 54118 | Vaults:5 | Identified the +5 plate armour of Biyceiq {*Corrode Dex+4}
 54159 | Vaults:5 | Reached skill level 22 in Earth Magic
 54435 | Vaults:5 | Noticed an ancient lich
 54455 | Vaults:5 | Killed an ancient lich
 54472 | Vaults:5 | Got a silver rune of Zot
 54918 | Vaults:5 | Got Eringya's Opusculum on the Altered Queen Bee
 54962 | Vaults:5 | Got Sif Muna's Vademecum on Graupel and the Excursion
 54969 | Vaults:5 | Learned a level 2 spell: Blink
 54996 | Vaults:5 | Identified the amulet "Niupic" {Spirit Str+7 Dex+3}
 55166 | Crypt:1  | Entered Level 1 of the Crypt
 55245 | Crypt:1  | Reached skill level 1 in Translocations
 55519 | Crypt:1  | Reached XP level 25. HP: 78/168 MP: 13/39
 55872 | Crypt:1  | Noticed Grunn
 55876 | Crypt:1  | Reached skill level 23 in Earth Magic
 55900 | Crypt:1  | Killed Grunn
 56703 | Crypt:2  | Noticed Sojobo
 56742 | Crypt:2  | Paralysed by an air elemental for 1 turns
 56768 | Crypt:2  | Killed Sojobo
 56769 | Crypt:2  | Reached skill level 24 in Earth Magic
 56780 | Crypt:2  | Noticed Frederick
 56802 | Crypt:2  | Killed Frederick
 57154 | Crypt:2  | Reached skill level 25 in Earth Magic
 57428 | Crypt:3  | Entered Level 3 of the Crypt
 57473 | Crypt:3  | Found a runed translucent gate.
 57473 | Crypt:3  | Found a runed translucent gate.
 57473 | Crypt:3  | Noticed a dread lich
 57473 | Crypt:3  | Noticed Weuw's ghost (adept GrFi)
 57474 | Crypt:3  | Found a runed translucent gate.
 57711 | Crypt:3  | Found the +8 lance "Wyrmbane" {slay drac, rPois rF+ rC+
                  | AC+3}
 57723 | Crypt:3  | Identified the amulet "Addaguzu" {rElec rF+ Regen+ SInv}
 57739 | Crypt:3  | Reached skill level 26 in Earth Magic
 57769 | Crypt:3  | Found a magical portal.
 57874 | WizLab   | Entered Zonguldrok's Shrine
 58120 | WizLab   | Noticed an antique lich
 58131 | WizLab   | Killed an antique lich
 58160 | WizLab   | Found the +9 sword of Zonguldrok {reap}
 58537 | Crypt:3  | Reached XP level 26. HP: 174/174 MP: 19/39
 58611 | Crypt:3  | Found a staircase to the Tomb.
 58854 | Crypt:3  | Noticed a dread lich
 58854 | Crypt:3  | Noticed an ancient lich
 58961 | Crypt:3  | Noticed an ancient lich
 59285 | Crypt:3  | Killed a dread lich
 59286 | Crypt:3  | Killed an ancient lich
 59438 | Crypt:3  | Reached skill level 27 in Earth Magic
 59442 | Crypt:3  | Killed an ancient lich
 59448 | Crypt:3  | Identified the ring "Uletoy" {rC+ rN+}
 59448 | Crypt:3  | Identified the ring "Zilleog" {rN+ Dex+3}
 59451 | Crypt:3  | Identified the +7 flail "Sarcophage" {drain, MP+9 Int+4}
 59456 | Crypt:3  | Identified the +1 halberd of Vosiam {spect, rC+}
 59591 | Crypt:3  | Killed a dread lich
 59625 | Crypt:3  | Killed Weuw's ghost
 59635 | Crypt:3  | Reached skill level 1 in Dodging
 59704 | Crypt:3  | Identified the +2 pair of gloves "Yjireb" {rElec}
 60085 | Zot:1    | Entered Level 1 of the Realm of Zot
 60957 | Zot:1    | Found a runed translucent gate.
 60958 | Zot:1    | Found a runed translucent gate.
 60959 | Zot:1    | Found a runed translucent gate.
 60961 | Zot:1    | Noticed Emoisch's ghost (adept MiFi)
 61022 | Zot:1    | Killed Emoisch's ghost
 61913 | Zot:2    | Noticed an orb of fire
 61926 | Zot:2    | Gained mutation: Your body sometimes deteriorates upon
                  | taking damage. [an orb of fire]
 61932 | Zot:2    | Gained mutation: You do not regenerate when monsters are
                  | visible. [an orb of fire]
 61945 | Zot:2    | Killed an orb of fire
 62721 | Zot:2    | Reached skill level 15 in Invocations
 63938 | Zot:3    | Reached XP level 27. HP: 100/183 MP: 10/40
 65089 | Zot:4    | Noticed an orb of fire
 65106 | Zot:4    | Gained mutation: You are frail. (-10% HP) [an orb of fire]
 65113 | Zot:4    | Killed an orb of fire
 65229 | Zot:4    | Found a transporter.
 65231 | Zot:4    | Found a radiant altar of Vehumet.
 65240 | Zot:4    | Noticed a dread lich
 65437 | Zot:4    | Reached skill level 5 in Dodging
 66581 | Zot:5    | Entered Level 5 of the Realm of Zot
 66686 | Zot:5    | Found a transporter.
 67054 | Zot:5    | Slain by an Orb Guardian

Illustrated notes

Levels and vault maps discovered:
D:1:      denvon_arrival_planthouse, layout_basic, grunt_decor_cap
D:2:      layout_loops_cross, hangedman_decor_growths, minmay_heptomino_o4
D:3:      layout_loops_ring, nicolae_kite_square_tiling_tiny
D:4:      nicolae_cairo_tiling_large, layout_rooms,
          nicolae_ru_sacrificial_ziggurat, uniq_grinder
D:5:      layout_basic, nemelex_spade_bored_becter, temple_doors_e,
          serial_corexii_hall, chequers_hall_statues_corner_a,
          chequers_hall_statues_wall_a, corexii_hall_statues_t,
          chequers_hall_statues_corner_a, hellmonk_ghost_happy_afterlife,
          minivault_23, uniq_blork_the_orc
D:6:      cheibrodos_iron_armory, layout_gridville
D:7:      layout_basic, mainiacjoe_overflow_24_doors,
          mainiacjoe_overflow_big_doors, enter_bailey_3, serial_shops, shop,
          uniq_pikel, uniq_prince_ribbit1
D:8:      minmay_general_purpose_star, layout_basic,
          mainiacjoe_overflow_catwalk, kennysheep_mini
D:9:      lemuel_castle_with_subvaults [lemuel_castle_interior_original],
          layout_irregular_city
D:10:     layout_loops_ring, marbit_many_paths, kennysheep_little_box,
          gammafunk_ghost_ooze, chequers_serial_rivers_micro_e
D:11:     layout_basic, david_lair_generic, serial_shops,
          nicolae_lakefront_shop, shop
D:12:     minmay_curly_fans, layout_layer_cave, david_orc_5,
          gammafunk_ghost_berserking_beasts, kiku_gazebo_garden_becter
D:13:     layout_roguey, serial_shops, shop, uniq_josephine, uniq_jorgrun
D:14:     layout_basic, grunt_vaults_entry_tiered, hangedman_decor_lopped,
          nicolae_shop_sticking_my_neck_out
D:15:     hellmonk_depths_entry_around_the_bend, layout_basic,
          guppyfry_shop_earth
Temple:   nicolae_temple_bog_church
Lair:1:   layout_layer_cave, serial_bayou_pond_d, infiniplex_staircase_pool_2,
          uniq_gastronok
Lair:2:   layout_loops_ring, minmay_swamp_entry_swarm,
          nicolae_snake_entry_warm_welcome, serial_bayou_lagoon_a,
          minmay_hedge_maze
Lair:3:   layout_layer_cave, nicolae_lair_run_with_the_wolves,
          serial_bayou_shore_b
Lair:4:   layout_cave_pods, slime_entry_1, wad_woods_01
Lair:5:   gammafunk_lair_ancient_temple, layout_hall_layers, wad_woods_03,
          serial_bayou_shore_a
Swamp:1:  layout_basic_swamp, lemuel_altar_in_water, uniq_nikola, uniq_mlioglotl
Swamp:2:  layout_basic_swamp, nicolae_swamp_dense_foliage, uniq_frances
Swamp:3:  nzn_winding_woodlands_small [nzn_winding_woodlands_5x15_garden,
          nzn_winding_woodlands_center_pierced_h,
          nzn_winding_woodlands_5x15_lazy_stream], layout_falls_marsh,
          serial_swamp_ruin, evilmike_swamp_ruin_house_4,
          evilmike_swamp_ruin_house_1, evilmike_swamp_ruin_house_2
Swamp:4:  grunt_swamp_rune_castle, layout_basic_swamp, swamp_pool2,
          infiniplex_staircase_pool
Snake:1:  layout_grid_maze, drop_trap
Snake:2:  layout_onion_interference, serial_bayou_lake_a
Snake:3:  layout_layer_cave, nicolae_integral_box
Snake:4:  hellmonk_snake_rune_quicksilver_temple, layout_rooms, uniq_aizul
Orc:1:    layout_diamond_mine, monkooky_shop_alliterative, uniq_erica,
          uniq_nergalle
Orc:2:    grunt_orc_gardens, layout_caves, grunt_orc_garden, grunt_orc_garden,
          grunt_orc_garden, grunt_orc_garden, basic_altar, serial_shops,
          shop_fountains, statue_in_the_mist_lemuel, nicolae_orc_stony_grotto,
          uniq_sonja
Elf:1:    eino_elf_arrival_altar, layout_gridlike, serial_shops,
          bzr_in_the_mist, orc_legates, grunt_megastairs_5
Elf:2:    elven_hall_of_blades_hangedman_alternative
          [nicolae_blade_entry_pointy_end], layout_onion_city, uniq_agnes
Elf:3:    grunt_elf_hall_diamonds, layout_loops_corners
Vaults:1: hangedman_vaults_pinch, nicolae_vaults_network_quinsquares
          [nicolae_vaults_network_quincunx_subvault,
          nicolae_vaults_network_quincunx_subvault,
          nicolae_vaults_network_quincunx_subvault,
          nicolae_vaults_network_quincunx_subvault], vaults_room_fours,
          vaults_mumra_hexcomb, vaults_mumra_lcd, nicolae_vaults_stepped_doors,
          ontoclasm_vaults_loading_screen, nicolae_vaults_specimen_jars,
          hangedman_vaults_snaps, dpeg_vaults_waves, ontoclasm_vaults_pinch,
          nicolae_vaults_theta, layout_vaults_maze_bifur, uniq_saint_roka
Vaults:2: vaults_room_grid, nicolae_vaults_apartment_1,
          nicolae_vaults_circle_grid_a, v_misc_19,
          nicolae_vaults_more_shelving_1, ontoclasm_vaults_idyll,
          nicolae_vaults_angled_halls, vaults_room_corners, v_misc_4,
          ontoclasm_vaults_ring_large, nicolae_vaults_diamond_1, v_misc_9,
          nicolae_vaults_mini_display_case, nicolae_vaults_closet_pinwheel_4,
          layout_vaults_omnibox, uniq_donald, uniq_jory
Vaults:3: nicolae_vaults_disjoint_gnomons, nicolae_vaults_two_Ls,
          nicolae_vaults_wrenched, hangedman_vaults_stitches,
          nicolae_vaults_little_guard_posts, ontoclasm_vaults_idyll,
          minmay_crypt_entry_necro_gods, hangedman_vaults_nails,
          vaults_room_semicircle, nicolae_vaults_layer_cake_slice,
          nicolae_vaults_diamond_1, layout_vaults_omnicross
Vaults:4: hangedman_vaults_corner, special_room_vaults [special_room_orc],
          nicolae_vaults_steering_wheel, nicolae_vaults_apartment_1,
          grunt_vaults_funnel, nicolae_vaults_shelves_hall,
          nicolae_vaults_little_squares_5, nicolae_vaults_tetromino_L_1,
          nicolae_vaults_house_1, nicolae_vaults_sesquioval_fish,
          layout_vaults_big_room, serial_shops, nicolae_shop_hallway_stairs
Vaults:5: serial_shops, uniq_xtahua
Crypt:1:  layout_misc_corridors, nicolae_crypt_soggy_tomb, skrybe_necro_troll_2,
          uniq_grunn
Crypt:2:  layout_rooms, minivault_14, uniq_josephina, uniq_frederick,
          uniq_sojobo
Crypt:3:  david_glass_crypt, layout_gridlike,
          nicolae_tomb_entry_unfolded_pyramid_orthogonal, gammafunk_ghost_split,
          mu_enter_wizlab_5
Depths:1: layout_gridlike, nicolae_lava_and_water, hell_entry,
          nicolae_concentric_dashed_squares_mild,
          nicolae_qazlal_style_of_elements
Depths:2: cheibrodos_cascadia, layout_gridlike, grunt_hell_entry_dis_mu,
          rand_demon_pan_entry_8, serial_bayou_ford_a, hex_subvault_uneven,
          minmay_shop_grove
Depths:3: cross_vault, layout_cave_pools, enter_ziggurat_a,
          hangedman_abyss_entry_splay, nrook_campfire, grunt_mini_vestibule,
          infiniplex_staircase_star, uniq_margery, uniq_vv
Depths:4: grunt_zot_entry_pinwheel, layout_basic, grunt_decor_fettered,
          muffindrake_ghost_three_little_ghosts, serial_shops, shop,
          nicolae_trove_entry_free_sample, hell_entry, serial_bayou_shore_b,
          serial_bayou_shore_b
Zot:1:    layout_basic, ebering_ghost_rock_garden, grunt_megastairs_4
Zot:2:    layout_basic, hangedman_zot_decor_scrapings, guppyfry_library_mini
Zot:3:    kennysheep_six_static_rooms, layout_misc_corridors
Zot:4:    gammafunk_sealed_library, layout_gridlike,
          kennysheep_underground_church
Zot:5:    layout_gridlike, nicolae_diode_basic

Skill      XL: |  1  2  3  4  5  6  7  8  9 10 11 12 13 14 15 16 17 18 19 20 21 22 23 24 25 26 27 |
---------------+----------------------------------------------------------------------------------+-----
Maces & Flails | 3 4 5 6 8 10 11 12 13 15 16 17 18 | 18.4
Shields        | 4 5 6 7 9 10 11 12 13 14 15 16 | 16.3
Fighting       | 4 5 7 8 9 10 11 12 13 14 15 16 17 18 19 20 21 22 | 22.1
Armour         | 4 6 7 8 10 11 12 13 14 15 16 17 18 19 20 21 | 21.0
Evocations     | 3 5 6 |  6.0
Invocations    | 2 4 6 8 9 10 11 12 13 14 15 | 15.7
Earth Magic    | 7 10 12 14 15 17 18 20 22 26 27 | 27.0
Spellcasting   | 3 5 6 7 8 9 10 11 12 13 | 13.9
Conjurations   | 1 6 9 11 13 14 | 14.2
Translocations | 2 4 |  4.0
Dodging        | 3 5 |  5.3

Action                     |  1- 3 |  4- 6 |  7- 9 | 10-12 | 13-15 | 16-18 | 19-21 | 22-24 | 25-27 || total
---------------------------+-------+-------+-------+-------+-------+-------+-------+-------+-------++-------
  Melee: Flail             |   141 |   172 |   293 |    34 |       |       |       |       |       ||   640
         Whip              |       |       |   156 |   108 |       |       |       |       |       ||   264
         Morningstar       |       |       |       |   541 |  1555 |  1425 |  1832 |  2079 |  2172 ||  9604
  Throw: Dart              |       |       |     3 |     3 |       |       |       |       |       ||     6
   Cast: Stone Arrow       |       |       |       |       |       |       |     1 |       |       ||     1
         Leda's Unmaking   |       |       |       |       |       |       |     2 |     3 |     1 ||     6
         Lee's Rapid Decon |       |       |       |       |       |       |       |    16 |     6 ||    22
         Shatter           |       |       |       |       |       |       |       |       |     3 ||     3
         Blink             |       |       |       |       |       |       |       |       |     1 ||     1
 Invoke: Divine Shield     |       |       |       |       |       |     2 |     2 |       |     6 ||    10
         Cleansing Flame   |       |       |       |       |       |       |       |       |    18 ||    18
         Summon Divine War |       |       |       |       |       |       |       |       |     6 ||     6
  Evoke: Wand              |       |       |    25 |       |     5 |    10 |       |       |     3 ||    43
         Phantom mirror    |       |       |       |       |       |       |     1 |       |     1 ||     2
         Condenser vane    |       |       |       |       |       |       |       |     1 |     2 ||     3
         Lightning rod     |       |       |       |       |       |       |       |     1 |       ||     1
    Use: Scroll            |     1 |     5 |     3 |     4 |     9 |    16 |     4 |     7 |     8 ||    57
         Potion            |       |     3 |     4 |     1 |     1 |     2 |     5 |     5 |     6 ||    27
   Stab: Invisible         |       |       |     1 |       |       |       |       |       |       ||     1
 Armour: Scale mail        |    79 |    25 |       |       |       |       |       |       |       ||   104
         Chain mail        |       |    93 |   101 |       |       |   844 |   563 |   752 |  1060 ||  3413
         Plate armour      |       |       |   209 |   451 |   726 |    72 |       |       |       ||  1458
  Dodge: Dodged            |    63 |    68 |   104 |   187 |   543 |   685 |   742 |  1299 |  1649 ||  5340
         Repelled          |       |       |       |       |     3 |    48 |    34 |    34 |    48 ||   167
  Block: Buckler           |    29 |    38 |   102 |    93 |       |       |       |       |       ||   262
         Kite shield       |       |       |       |   150 |   739 |   817 |  1155 |  1850 |  2131 ||  6842
         Reflection        |       |       |       |       |       |       |    95 |    66 |    11 ||   172

Table legend: (Time is in decaauts)
 A = Elapsed time spent in this place.
 B = Non-inter-level travel time spent in this place.
 C = Inter-level travel time spent in this place.
 D = Time resting spent in this place.
 E = Time spent auto-exploring this place.
 F = Levels seen in this place.
 G = Mean time per level.
                   A        B        C        D        E       F      G
               +--------+--------+--------+--------+--------+-----+--------+
         Total |  65863 |  61506 |   4357 |   7947 |  36282 |  54 | 1219.7 |
       Dungeon |  15924 |  14222 |   1702 |    473 |   9609 |  15 | 1061.6 |
        Temple |      1 |      1 |      0 |      0 |      0 |   1 |    1.0 |
          Lair |   5424 |   5062 |    362 |     96 |   3569 |   5 | 1084.8 |
         Swamp |   4047 |   3687 |    360 |    781 |   1685 |   4 | 1011.8 |
     Snake Pit |   4415 |   4262 |    153 |    284 |   2997 |   4 | 1103.8 |
  Orcish Mines |   2222 |   1812 |    410 |    247 |    933 |   2 | 1111.0 |
   Elven Halls |   4842 |   4561 |    281 |    684 |   2519 |   3 | 1614.0 |
        Vaults |   9624 |   9186 |    438 |   1855 |   5098 |   5 | 1924.8 |
         Crypt |   4226 |   4141 |     85 |    743 |   1861 |   3 | 1408.7 |
        Depths |   7195 |   6763 |    432 |   1234 |   4101 |   4 | 1798.8 |
           Zot |   6981 |   6851 |    130 |   1519 |   3732 |   5 | 1396.2 |
        Bazaar |    216 |    216 |      0 |      0 |    115 |   1 |  216.0 |
        Bailey |    421 |    421 |      0 |     26 |     28 |   1 |  421.0 |
        Wizlab |    319 |    319 |      0 |      0 |     32 |   1 |  319.0 |
               +--------+--------+--------+--------+--------+-----+--------+

Top non-repeatable levels by time:
Vaults:1: 2492 daAuts
   Zot:2: 2336 daAuts
Vaults:4: 2292 daAuts
Depths:2: 2231 daAuts
 Crypt:3: 1981 daAuts
Depths:3: 1975 daAuts
Vaults:5: 1924 daAuts
 Swamp:3: 1898 daAuts
   Elf:2: 1891 daAuts
Depths:4: 1748 daAuts
   Zot:1: 1736 daAuts
    D:12: 1641 daAuts
   Zot:4: 1589 daAuts
Vaults:2: 1552 daAuts
   Elf:1: 1535 daAuts
